 Dungeon Crawl Stone Soup version 0.17-a0-1515-gfae3d72 (webtiles) character file.

51 patman the Chiller (level 3, 21/21 HPs)
             Began as an Octopode Ice Elementalist on July 12, 2015.
             Quit the game on level 2 of the Dungeon.
             The game lasted 00:03:11 (1774 turns).

patman the Chiller (Octopode Ice Elementalist)      Turns: 1774, Time: 00:03:11

Health: 21/21      AC:  1    Str:  7    XL:     3   Next: 81%
Magic:  6/6        EV: 12    Int: 18    God:
Gold:   56         SH:  0    Dex: 12    Spells: 1 memorised, 5 levels left

rFire  . . .     SeeInvis .     i - -2 hand axe (curse)
rCold  . . .     Clarity  .     (no shield)
rNeg   + . .     SustAt   .     (helmet restricted)
rPois  .         Gourm    .     f - amulet of warding
rElec  .         Spirit   .     (no ring)
rCorr  .         Warding  +     (no ring)
rMut   .         Stasis   .     (no ring)
MR     .....                    (no ring)
Stlth  +++.......               (no ring)
                                (no ring)
                                (no ring)
                                (no ring)

@: not resistant to hostile enchantments, fairly stealthy
A: almost no armour, amphibious, 8 rings, constrict 8, camouflage 1, gelatinous
body 1
a: no special abilities


You were on level 2 of the Dungeon.
You were not hungry.

You visited 1 branch of the dungeon, and saw 2 of its levels.

You collected 56 gold pieces.

Inventory:

Hand weapons
 g - a +0 dagger
 i - a cursed -2 hand axe (weapon)
Jewellery
 f - an amulet of warding (around mantle)
Scrolls
 e - a scroll of fog
Potions
 j - a potion of heal wounds {unknown}
Books
 a - a book of Frost

   Spells                             Type                      Level
   a - Freeze                         Ice                          1
   b - Throw Frost                    Conjuration/Ice              2
   c - Ozocubu's Armour               Charms/Ice                   3
   d - Throw Icicle                   Conjuration/Ice              4
   e - Summon Ice Beast               Ice/Summoning                4
   f - Condensation Shield            Ice                          4
Comestibles
 b - a bread ration
 d - 7 fruits


   Skills:
 - Level 2.0 Dodging
 - Level 2.6 Stealth
 - Level 2.0 Spellcasting
   Level 1.0 Conjurations
 + Level 4.6 Ice Magic


You had 5 spell levels left.
You knew the following spells:

 Your Spells              Type           Power        Failure   Level  Hunger
a - Freeze                Ice            ###.         2%          1    #......


Dungeon Overview and Level Annotations

Branches:
Dungeon (2/15)

Altars:

Annotations:
D:2 Sigmund


Innate Abilities, Weirdness & Mutations

You cannot wear most types of armour.
You are amphibious.
You can wear up to eight rings at the same time.
You can use your tentacles to constrict eight enemies at once.
Your skin changes colour to match your surroundings (Stealth).
Your rubbery body absorbs attacks (AC +1).


Message History

You see here a glowing hand axe.
i - a glowing hand axe Wield which item (- for none, * to show all)? (? for menu, Esc to quit)
It sticks to your tentacle!
i - a cursed -2 hand axe (weapon)
Read which item? (? for menu, Esc to quit)
As you read the scroll labeled BEIROI JEUHUEVA, it crumbles to dust.
It is a scroll of enchant armour.
You aren't carrying any armour which can be enchanted further.
Read which item? (? for menu, Esc to quit)
Blink to where?
Press: ? - help, Dir - move target cursor, f - you Are you sure you want to cancel this blink?
Blink to where?
Press: ? - help, Dir - move target cursor, f - you Are you sure you want to cancel this blink?
Okay, then.
As you read the scroll labeled LAETID ZOGITS, it crumbles to dust.
It was a scroll of blinking.
Are you sure you want to abandon this character and quit the game? (Confirm with "yes".)

#. .# #.#.#
######.<.#
.........####
#######.....#
#.###g# #.# #
#.###.#
#@....#
#######


There were no monsters in sight!

Vanquished Creatures
  Jessica (D:2)
  An ooze (D:1)
  2 giant geckos (D:1)
  4 bats (D:1)
  A goblin (D:1)
  6 hobgoblins (D:1)
  A giant newt (D:1)
  2 kobolds (D:1)
18 creatures vanquished.

Notes
Turn   | Place    | Note
--------------------------------------------------------------
     0 | D:1      | patman the Octopode Ice Elementalist began the quest for the Orb.
     0 | D:1      | Reached XP level 1. HP: 11/11 MP: 3/3
   398 | D:1      | Reached XP level 2. HP: 3/17 MP: 3/5
  1146 | D:1      | Reached skill level 4 in Ice Magic
  1287 | D:1      | Reached XP level 3. HP: 16/21 MP: 6/6
  1552 | D:2      | Noticed Jessica
  1556 | D:2      | Killed Jessica
  1562 | D:2      | Noticed Sigmund
  1774 | D:2      | Quit the game

Vault maps used:
D:1:      lightli_arrival_isolated_outpost
D:2:      bloody_trog, uniq_sigmund, uniq_iyjb, uniq_terence, uniq_jessica

Action                   || total
-------------------------++-------
Melee: Unarmed           ||    54
       Dagger            ||     2
 Cast: Freeze            ||     1
  Use: Scroll            ||     3
 Stab: Sleeping          ||     5
  Eat: Chunk             ||     3
